 Dungeon Crawl Stone Soup version 0.30-a0-830-gfe289a77b0 (webtiles) character file.

Game seed: 7047850905926297926

331 zenocrate the Skirmisher (level 6, -1/35 HPs)
             Began as a Tengu Hunter on Mar 1, 2023.
             Slain by Pikel
             ... wielding a +1 whip of flaming
              (5 damage)
             ... on level 4 of the Dungeon.
             The game lasted 00:02:40 (2826 turns).

zenocrate the Skirmisher (Tengu Hunter)             Turns: 2826, Time: 00:02:41

Health: -1/35      AC:  3    Str: 12    XL:     6   Next: 52%
Magic:  7/7        EV: 14    Int:  9    God:
Gold:   209        SH:  0    Dex: 19    Spells: 5/5 levels left

rFire   . . .      SeeInvis .    a - +0 shortbow
rCold   . . .      Faith    .    (shield currently unavailable)
rNeg    . . .      Spirit   .    c - +0 leather armour
rPois   .          Reflect  .    (helmet restricted)
rElec   .          Harm     .    (no cloak)
rCorr   .          Rampage  .    (no gloves)
Will    .....                    (boots unavailable)
Stlth   ++                       (no amulet)
HPRegen 0.25/turn                q - +4 ring of slaying
MPRegen 0.10/turn                (no ring)

@: flying quickly and evasively, quick
A: beak, talons 3, nimble flight
a: no special abilities


You were on level 4 of the Dungeon.
You visited 1 branch of the dungeon, and saw 4 of its levels.

You collected 209 gold pieces.

Inventory:

Hand Weapons
 a - a +0 shortbow (weapon)
Armour
 c - a +0 leather armour (worn)
Jewellery
 q - a +4 ring of slaying (left hand)
Wands
 r - a wand of paralysis (4)
 u - a wand of light (7)
Scrolls
 b - a scroll of immolation
 f - a scroll of blinking {unknown}
 g - 2 scrolls of butterflies {unknown}
 j - 2 scrolls of noise {unknown}
 k - a scroll of amnesia {unknown}
 l - a scroll of fog {unknown}
 s - a scroll of vulnerability {unknown}
 t - a scroll of acquirement {unknown}
Potions
 d - 3 potions of invisibility
 e - a potion of lignification
 h - 3 potions of flight
 i - 3 potions of resistance
 m - 3 potions of cancellation {unknown}
 n - a potion of attraction {unknown}
 o - a potion of brilliance {unknown}
 p - 2 potions of heal wounds {unknown}


   Skills:
 - Level 2.0 Fighting
 + Level 8.3 Ranged Weapons
 - Level 2.1 Dodging
 - Level 1.0 Stealth


You had 5 spell levels left.
You didn't know any spells.
Your spell library contained the following spells:

 Spells                   Type           Power      Damage    Failure   Level
 Ozocubu's Armour         Ice            0%         N/A       83%         3
 Metabolic Englaciation   Hex/Ice        0%         N/A       100%        5
 Simulacrum               Ice/Necr       0%         N/A       100%        6


Dungeon Overview and Level Annotations

Branches:
Dungeon (4/15)
 Temple: D:4-7

Altars:

Shops:
D:2 :   D:4 :

Annotations:
D:4 1 runed translucent door, Crazy Yiuf, Pikel


Innate Abilities, Weirdness & Mutations

You have a beak for a mouth.
You have claws for feet.
Your magical nature lets you fly swiftly and evasively.


Message History

You are too injured to fight recklessly!
You are too injured to fight recklessly!
Aiming: Paralyse
Press: ? - help, Shift-Dir - straight line, f/p - Pikel
Aim: Pikel, wielding a +1 whip of flaming and wearing a +0 robe (lightly wounded, chance to affect: 49%) Pikel resists with some effort.
There is a stone staircase leading down here.
Pikel hits you with a +1 whip of flaming!
Pikel burns you.
* * * LOW HITPOINT WARNING * * *
Aiming: Paralyse
Press: ? - help, Shift-Dir - straight line, f/p - Pikel
Aim: Pikel, wielding a +1 whip of flaming and wearing a +0 robe (lightly wounded, chance to affect: 49%) Pikel resists with some effort.
Aiming: Paralyse
Press: ? - help, Shift-Dir - straight line, f/p - Pikel
Aim: Pikel, wielding a +1 whip of flaming and wearing a +0 robe (lightly wounded, chance to affect: 49%) Pikel suddenly stops moving!
You shoot an arrow. The arrow hits Pikel.
Pikel is moderately wounded.
You shoot an arrow. The arrow hits Pikel.
Pikel is moderately wounded.
You shoot an arrow. The arrow hits Pikel.
Pikel is heavily wounded.
You shoot an arrow. The arrow hits Pikel!
Pikel is severely wounded.
You shoot an arrow. The arrow hits Pikel.
Pikel is severely wounded.
You shoot an arrow.
The arrow hits Pikel but does no damage.
Pikel is severely wounded.
You shoot an arrow. The arrow hits Pikel.
Pikel is severely wounded.
Pikel is no longer paralysed.
Pikel barely misses you.
You shoot an arrow. The arrow hits Pikel.
Pikel is almost dead.
Pikel hits you with a +1 whip of flaming!
* * * LOW HITPOINT WARNING * * *
Pikel burns you.
You die...

#....#
#.#
♣....♣
#.#
♣...♣♣
#.#
♣♣.♣♣
#.#
♣.♣♣
#.#
♣♣.♣
#.#
♣.♣♣
#.#
♣♣.♣
##K#
#+#
#.@#
...
#..#
#...#
#..#
#..)#
####
#####


You could see Pikel.

Vanquished Creatures
  An ogre (D:4)
  A lemure (D:4)
  A necrophage (D:4)
  Blork the orc (D:4)
  4 gnolls
  2 adders
  3 worms (D:2)
  2 orcs
  8 endoplasms
  2 giant cockroaches
  2 goblins
  4 hobgoblins
  3 jackals (D:2)
  6 quokkas
  2 ball pythons
  3 bats
  2 frilled lizards
  4 kobolds
  5 rats
56 creatures vanquished.

Notes
Turn   | Place    | Note
-------+----------+-------------------------------------------
     0 | D:1      | zenocrate the Tengu Hunter began the quest for the Orb.
     0 | D:1      | Reached XP level 1. HP: 12/12 MP: 2/2
   226 | D:1      | Reached XP level 2. HP: 17/17 MP: 3/3
   357 | D:1      | Reached skill level 5 in Ranged Weapons
   516 | D:1      | Noticed an eye of devastation
   518 | D:1      | Found a faded altar of an unknown god.
   519 | D:1      | Noticed a floating eye
   519 | D:1      | Noticed a golden eye
   519 | D:1      | Noticed a shining eye
   757 | D:1      | Reached XP level 3. HP: 17/21 MP: 4/4
   776 | D:2      | Found Ceabb's Book Shop.
  1144 | D:2      | Reached skill level 6 in Ranged Weapons
  1144 | D:2      | Reached XP level 4. HP: 20/26 MP: 5/5
  2170 | D:3      | Gained mutation: Your magical nature lets you fly swiftly
                  | and evasively. [Tengu growth]
  2170 | D:3      | Reached XP level 5. HP: 30/30 MP: 6/6
  2272 | D:4      | Noticed Pikel
  2272 | D:4      | Noticed a lemure
  2272 | D:4      | Noticed a lemure
  2274 | D:4      | Noticed a lemure
  2274 | D:4      | Noticed a lemure
  2371 | D:4      | Noticed an ogre
  2376 | D:4      | Killed an ogre
  2377 | D:4      | Reached skill level 7 in Ranged Weapons
  2380 | D:4      | Found Nyozuh's Book Shop.
  2406 | D:4      | Noticed Blork the orc
  2415 | D:4      | Killed Blork the orc
  2416 | D:4      | Reached skill level 8 in Ranged Weapons
  2416 | D:4      | Reached XP level 6. HP: 21/35 MP: 7/7
  2773 | D:4      | Found a runed translucent door.
  2774 | D:4      | Noticed Crazy Yiuf
  2826 | D:4      | Slain by Pikel

Illustrated notes

Levels and vault maps discovered:
D:1:      dpeg_arrival_water_temple_mockup, layout_basic,
          hellmonk_ecumenical_altar_watching_god
D:2:      layout_loops_cross, serial_shops, shop, minmay_tripent
D:3:      layout_rooms, hex_tiny
D:4:      layout_basic, gammafunk_temple_overflow_forgotten, serial_shops,
          nicolae_shop_competitors_out_of_business, uniq_crazy_yiuf_cottage,
          uniq_blork_the_orc, uniq_pikel

Skill      XL: |  1  2  3  4  5 |
---------------+----------------+-----
Ranged Weapons | 5 6 8 |  8.3
Fighting       | |  2.0
Dodging        | |  2.1
Stealth        | |  1.0

Action                     |  1- 3 |  4- 6 || total
---------------------------+-------+-------++-------
   Fire: Shortbow          |    71 |   143 ||   214
  Evoke: Wand              |       |     5 ||     5
    Use: Scroll            |     3 |     2 ||     5
 Armour: Leather armour    |     5 |    20 ||    25
  Dodge: Dodged            |    17 |    75 ||    92

Table legend: (Time is in decaauts)
 A = Elapsed time spent in this place.
 B = Non-inter-level travel time spent in this place.
 C = Inter-level travel time spent in this place.
 D = Time resting spent in this place.
 E = Time spent auto-exploring this place.
 F = Levels seen in this place.
 G = Mean time per level.
                   A        B        C        D        E       F      G
               +--------+--------+--------+--------+--------+-----+--------+
         Total |   2842 |   2735 |    107 |     58 |   2193 |   4 |  710.5 |
       Dungeon |   2842 |   2735 |    107 |     58 |   2193 |   4 |  710.5 |
               +--------+--------+--------+--------+--------+-----+--------+

Top non-repeatable levels by time:
     D:2: 989 daAuts
     D:1: 762 daAuts
     D:3: 709 daAuts
     D:4: 381 daAuts
